 Dungeon Crawl Stone Soup version 0.31-a0-1010-g5322dac6a2 (webtiles) character file.

Game seed: 10290934684050972842

57 Azuregosa the Magician (level 3, -1/26 HPs)
             Began as a Demigod Hedge Wizard on Nov 16, 2023.
             Slain by Grinder (6 damage)
             ... on level 3 of the Dungeon.
             The game lasted 00:07:20 (1866 turns).

Azuregosa the Magician (Demigod Hedge Wizard)       Turns: 1866, Time: 00:07:21

Health: -1/26      AC:  3    Str: 11    XL:     3   Next: 50%
Magic:  1/10       EV: 12    Int: 20    God:
Gold:   112        SH:  0    Dex: 13    Spells: 1/8 levels left

rFire   . . .        e - +1 hand axe
rCold   . . .        (no shield)
rNeg    . . .        b - +0 robe
rPois   .            k - +0 helmet
rElec   .            (no cloak)
rCorr   .            (no gloves)
SInv    .            (no boots)
Will    .....        (no amulet)
Stlth   ++           (no ring)
HPRegen 0.24/turn    (no ring)
MPRegen 0.12/turn

%: no passive effects
@: no status effects
A: high MP 1, forlorn, divine attributes
a: no special abilities


You were on level 3 of the Dungeon.
You visited 1 branch of the dungeon, and saw 3 of its levels.

You collected 112 gold pieces.

Inventory:

Hand Weapons
 a - a +0 dagger
 e - a +1 hand axe (weapon)
 o - a +0 dagger of venom
Missiles
 h - 25 stones
 m - 5 boomerangs
 q - 2 poisoned darts
Armour
 b - a +0 robe (worn)
 c - a +0 hat
 k - a +0 helmet (worn)
Wands
 s - a wand of roots (9)
Scrolls
 j - a scroll of identify {unknown}
 l - 2 scrolls of revelation {unknown}
 n - a scroll of fear {unknown}
 r - 2 scrolls of blinking {unknown}
Potions
 d - a potion of magic
 g - a potion of haste {unknown}
 p - a potion of degeneration {unknown}


   Skills:
 - Level 1.7 Dodging
 - Level 1.7 Stealth
 + Level 3.3 Spellcasting
 + Level 2.2 Conjurations
 - Level 0.8 Summonings
 - Level 0.8 Translocations
 + Level 0.6 Air Magic


You had one spell level left.
You knew the following spells:

 Your Spells              Type           Power      Damage    Failure   Level
a - Magic Dart            Conj           48%        1d5       5%          1
b - Mephitic Cloud        Conj/Pois/Air  7%         N/A       28%         3
c - Swiftness             Air            5%         N/A       32%         3

Your spell library contained the following spells:

 Spells                   Type           Power      Damage    Failure   Level
 Slow                     Hex            12%        N/A       14%         1
 Blink                    Tloc           12%        N/A       14%         2
 Call Imp                 Summ           12%        N/A       14%         2
 Cigotuvi's Dreadful Rot  Necr/Pois/Air  8%         N/A       19%         2
 Ensorcelled Hibernation  Hex/Ice        6%         N/A       21%         2
 Jinxbite                 Hex            6%         N/A       21%         2
 Passwall                 Tmut/Erth      2%         N/A       21%         2
 Anguish                  Hex/Necr       1%         N/A       80%         4


Dungeon Overview and Level Annotations

Branches:
Dungeon (3/15)

Shops:
D:1 (

Annotations:
D:3 Grinder


Innate Abilities, Weirdness & Mutations

You have an increased reservoir of magic. (+10% MP)
You shall have no god before yourself.
Your divine heritage dramatically boosts your attributes as you level up.


Message History

Aim: an adder (100% to hit)
You miscast Magic Dart.
You are very lightly contaminated with residual magic.
Nothing appears to happen.
Grinder misses you. The adder barely misses you.
Casting: Magic Dart (safe; 5% risk of failure)
Confirm with . or Enter, or press ? or * to list all spells.
You don't have enough magic to cast this spell.
Unknown command.
You hit the adder.
The adder is heavily wounded.
You hit Grinder but do no damage. The adder bites you but does no damage.
Grinder hits you. The adder misses you. Grinder hits you.
You writhe in agony.
You closely miss the adder.
The adder is heavily wounded.
You barely miss Grinder. The adder misses you.
Grinder blinks!
The adder barely misses you.
You hit the adder.
The adder is severely wounded.
The adder barely misses you.
You barely miss the adder.
The adder is severely wounded.
You closely miss Grinder. The adder closely misses you.
Grinder gestures at you. Pain shoots through your body!
The adder closely misses you. Grinder hits you.
You writhe in agony.
* * * LOW HITPOINT WARNING * * *
As you read the scroll labelled QEXOEKL VITAMORGH, it dissolves into smoke.
It was a scroll of fog.
The adder bites you.
* * * LOW HITPOINT WARNING * * *
Grinder says, "Mostly I couldn't keep them alive."
Grinder gestures at you.
You barely resist.
Your magical contamination has completely faded away.
Okay, then.
As you read the scroll labelled ERISTE OPHU, it crumbles to dust.
It is a scroll of enchant weapon.
Your +0 hand axe glows red for a moment.
The adder barely misses you. x2; Grinder hits you.
You die...
Grinder says, "Now the real fun starts!"

..........#...
#.≈.........####.
#.≈............#. . #
#.≈.......(...... .≈ #.
#.≈.#.#..........
.≈.#.###.≈.....##.<#....
.≈...§§§§§.........†....
.≈≈≈≈≈§§§≈...#..........
......§@§§...........#..
###..§S§5§...###.##.....
.......§§..>## #.###....
.##.........# #.# ####.
#..######.# #.. #...
#... #... ##. #.#. #..
#.#.. ....... ... .....
..##### .


You could see Grinder and an adder.

Vanquished Creatures
  2 adders
  An orc (D:3)
  5 ball pythons
  2 bats (D:1)
  3 endoplasms
  3 goblins (D:2)
  3 hobgoblins
  3 kobolds
  3 quokkas (D:1)
  5 frilled lizards
  7 rats
37 creatures vanquished.

Notes
Turn   | Place    | Note
-------+----------+-------------------------------------------
     0 | D:1      | Azuregosa the Demigod Hedge Wizard began the quest for the
                  | Orb.
     0 | D:1      | Reached XP level 1. HP: 14/14 MP: 6/6
    24 | D:1      | Reached skill level 1 in Conjurations
   335 | D:1      | Reached skill level 3 in Spellcasting
   335 | D:1      | Reached XP level 2. HP: 20/20 MP: 6/8
   365 | D:1      | Found Byrue's Antique Weapon Shop.
  1006 | D:2      | Reached XP level 3. HP: 25/26 MP: 3/10
  1010 | D:2      | Learned a level 3 spell: Mephitic Cloud
  1014 | D:2      | Learned a level 3 spell: Swiftness
  1772 | Sewer    | Identified the "Giskisoje"
  1777 | D:3      | Noticed Grinder
  1783 | D:3      | Paralysed by Grinder for 2 turns
  1866 | D:3      | Slain by Grinder

Illustrated notes

Levels and vault maps discovered:
D:1:      dpeg_arrival_arbitrary_c, layout_basic, serial_shops,
          nicolae_shop_window_shopping, minmay_misc_feat_rugged
D:2:      layout_rooms, minmay_small_reverse_x
D:3:      layout_rooms, nicolae_uskayaw_suspiria, mainiacjoe_overflow_catwalk,
          mainiacjoe_overflow_brackets, gup_sewer_entry_spiral, uniq_grinder

Skill      XL: |  1  2 |
---------------+-------+-----
Conjurations   | 1 2 |  2.2
Spellcasting   | 3 |  3.3
Dodging        | |  1.7
Stealth        | |  1.7
Summonings     | |  0.8
Translocations | |  0.8
Air Magic      | |  0.6

Action                     || total
---------------------------++-------
  Melee: Hand axe          ||    17
   Cast: Magic Dart        ||    84
    Use: Scroll            ||     2
 Armour: Robe              ||    24
  Dodge: Dodged            ||    47

Table legend: (Time is in decaauts)
 A = Elapsed time spent in this place.
 B = Non-inter-level travel time spent in this place.
 C = Inter-level travel time spent in this place.
 D = Time resting spent in this place.
 E = Time spent auto-exploring this place.
 F = Levels seen in this place.
 G = Mean time per level.
                   A        B        C        D        E       F      G
               +--------+--------+--------+--------+--------+-----+--------+
         Total |   1870 |   1811 |     59 |    282 |   1135 |   3 |  623.3 |
       Dungeon |   1870 |   1811 |     59 |    282 |   1135 |   3 |  623.3 |
               +--------+--------+--------+--------+--------+-----+--------+

Top non-repeatable levels by time:
     D:1: 985 daAuts
     D:2: 822 daAuts
     D:3: 62 daAuts
